 Dungeon Crawl Stone Soup version 0.18.1-8-gdd0e5ea (webtiles) character file.

87038 Gagarin the Blocker (level 16, -1/131 HPs)
             Began as a Formicid Fighter on June 6, 2016.
             Was the Champion of the Shining One.
             Slain by a jumping spider (5 damage)
             ... on level 4 of the Lair of Beasts on June 7, 2016.
             The game lasted 01:38:58 (27301 turns).

Gagarin the Blocker (Formicid Fighter)             Turns: 27301, Time: 01:38:59

Health: -1/131     AC: 22    Str: 30    XL:     16   Next: 36%
Magic:  31/31      EV: 17    Int: 13    God:    the Shining One [******]
Gold:   1704       SH: 14    Dex: 12    Spells: 3 memorised, 14 levels left

rFire  + . .     SeeInvis +     h - +3 scimitar (flame)
rCold  . . .     Gourm    .     N - +3 ring mail of Beavolih {rN+}
rNeg   + + +     Faith    .     a - +0 shield {reflect}
rPois  +         Spirit   .     (helmet unavailable)
rElec  .         Dismiss  .     g - +1 cloak
rCorr  .         Reflect  +     m - +1 pair of gloves {Str+3}
SustAt .         Harm     .     X - +2 pair of boots of Joy {Str+2}
MR     +....                    (no amulet)
Stlth  +.........               k - ring "Niyw" {Fragile rPois MP+9 SInv Stlth+}
                                e - ring of protection from fire

@: glowing, somewhat resistant to hostile enchantments, very unstealthy
A: permanent stasis, dig shafts and tunnels, four strong arms, antennae 3,
iridescent scales 1, agile 1, clever 1
a: Dig, Shaft Self, Divine Shield, Cleansing Flame, Summon Divine Warrior, Brand
Weapon With Holy Wrath, Renounce Religion


You were on level 4 of the Lair of Beasts.
You worshipped the Shining One.
The Shining One was exalted by your worship.
You were very hungry.

You visited 4 branches of the dungeon, and saw 22 of its levels.
You also visited: Ice Cave.

You collected 2031 gold pieces.
You spent 327 gold pieces at shops.

Inventory:

Hand Weapons
 h - a +3 scimitar of flaming (weapon)
 l - the +3 shortbow of Uncomfortable Rashes {flame, Dex+3}
   (You found it in an ice cave)

   It causes projectiles fired from it to burn those they strike, causing extra
   injury to most foes and up to half again as much damage against particularly
   susceptible opponents.
   It affects your dexterity (+3).
Missiles
 x - 24 tomahawks (quivered)
Armour
 a - a +0 shield of reflection (worn)
 f - a +1 plate armour of poison resistance
 g - a +1 cloak (worn)
 m - a +1 pair of gloves of strength (worn)
 o - a +2 scale mail of poison resistance
 N - the +3 ring mail of Beavolih (worn) {rN+}
   (You found it on level 10 of the Dungeon)

   It protects you from negative energy.
 P - a +2 pair of gloves
 X - the +2 pair of boots of Joy (worn) {Str+2}
   (You found it on level 8 of the Lair of Beasts)

   It affects your strength (+2).
Jewellery
 e - a ring of protection from fire (left hand)
 i - an uncursed ring of resist corrosion {unknown}
 j - an uncursed amulet of faith {unknown}
 k - the ring "Niyw" (right hand) {Fragile rPois MP+9 SInv Stlth+}
   (You found it on level 7 of the Lair of Beasts)

   [ring of magical power]

   It protects you from poison.
   It affects your magic capacity (+9).
   It lets you see invisible.
   It will be destroyed if unequipped.
   It makes you more stealthy.
Wands
 d - a wand of slowing (28/48)
 v - a wand of enslavement (13/24)
 Q - a wand of disintegration (13/24)
Scrolls
 n - 3 scrolls of remove curse
 p - 5 scrolls of fear
 r - a scroll of enchant weapon
 s - 5 scrolls of identify
 w - a scroll of noise {unknown}
 G - 3 scrolls of magic mapping
 H - 2 scrolls of blinking {unknown}
 O - a scroll of amnesia {unknown}
 R - 2 scrolls of random uselessness {unknown}
 T - 2 scrolls of recharging {unknown}
 U - a scroll of vulnerability {unknown}
 V - 2 scrolls of fog {unknown}
Potions
 b - 2 potions of degeneration {unknown}
 t - 2 potions of magic {unknown}
 u - 2 potions of flight {unknown}
 z - a potion of cancellation {unknown}
 A - 5 potions of brilliance
 B - a potion of experience {unknown}
 E - 4 potions of agility
 F - a potion of haste {unknown}
 M - a potion of resistance {unknown}
Comestibles
 c - a slice of pizza
 K - 5 bread rations


   Skills:
 + Level 13.2 Fighting
 + Level 14.2 Long Blades
 + Level 0.4 Throwing
 + Level 10.4 Armour
 + Level 11.6 Dodging
 + Level 14.6 Shields
 + Level 0.2 Unarmed Combat
 + Level 4.4 Spellcasting
 + Level 4.4 Charms
 + Level 0.5 Invocations
 + Level 0.9 Evocations


You had 14 spell levels left.
You knew the following spells:

 Your Spells              Type           Power        Failure   Level  Hunger
a - Infusion              Chrm           ##..         4%          1    None
b - Song of Slaying       Chrm           ##......     8%          2    ##.....
c - Deflect Missiles      Chrm/Air       #.........   100%        6    #######


Dungeon Overview and Level Annotations

Branches:
Dungeon (11/15)            Temple (0/1) D:6            Lair (8/8) D:10
  Swamp (0/4) Lair:3       Spider (1/4) Lair:4        Slime (0/6) Lair:8
    Orc (2/2) D:9             Elf (0/3) Orc:2

Altars:
Cheibriados
Fedhas
Gozag
Kikubaaqudgha
Makhleb
Nemelex Xobeh
Pakellas
Qazlal
Trog
Vehumet
The Shining One
Beogh

Shops:
D:4 ?   D:5 %}[%   D:10 (   Orc:2 ([**

Annotations:
Lair:3 dvd's ghost, journeyman HOGl


Innate Abilities, Weirdness & Mutations

You are under a permanent stasis effect.
You can dig through walls and to a lower floor.
Your four strong arms can wield two-handed weapons with a shield.
You have a pair of large antennae on your head (SInv).
You are partially covered in iridescent scales (AC +4).
You are agile. (Dex +2)
Your mind is acute. (Int +2)


Message History

You feel better. You block the wolf spider's attack.
The wolf spider barely misses you.
The jumping spider leaps!
You block the demonic crawler's attack.
The demonic crawler hits you but does no damage.
The demonic crawler closely misses you. The wolf spider misses you.
The wolf spider bites you but does no damage.
You can't shaft yourself on this terrain.
Are you sure you want to shaft yourself?
You are feeling very hungry.
The demonic crawler barely misses you. The demonic crawler misses you.
You block the demonic crawler's attack. The wolf spider hits you!
* * * LOW HITPOINT WARNING * * *
You block the wolf spider's attack. The demonic crawler closely misses you.
You block the demonic crawler's attack.
The demonic crawler completely misses you.
You begin to dig a shaft.
You continue digging a shaft.
The wolf spider misses you.
The wolf spider bites you but does no damage.
The jumping spider pounces on you.
You die...

#....§.#........#####............
#...#≈§#........# ##≈..<#.##.P...
#...#≈≈........≈###≈#...#.####...
....###≈......≈≈≈.≈≈≈...### #....
#..[.........≈.≈≈.≈≈.≈..# #..##
###.#..##....≈≈.≈.≈.≈≈..# ##...
###..#.....≈≈≈.[.≈≈≈..## #...
#...........ss.......## ####
##........≈≈≈@s.≈≈≈....# #
##....#....≈≈.≈.≈.≈≈...## #
#....#.#...≈.≈≈.≈≈.≈....##### #
#.P.........≈≈≈.≈≈≈....#..#.###
###............................
#...................#........
#..................P.........
###.#..........................
##..............................


You could see a demonic crawler, a wolf spider and a jumping spider.

Vanquished Creatures
  Kirke (Lair:5)
  Donald (Lair:4)
  2 orc warlords (Orc:2)
  The ghost of Zleub the Protected, a journeyman HuFi of the Shining One (Lair:4)
  Fannar (D:11)
  Erica (D:8)
  13 hydras
  3 catoblepae (Lair:8)
  27 death yaks
  Urug (D:11)
  Nergalle (Orc:1)
  2 orc high priests (Orc:2)
  3 hill giants
  A lindwurm (Lair:8)
  2 orb spiders (Spider:1)
  A wizard (D:10)
  2 wolf spiders (Lair:4)
  4 orc sorcerers
  A cyclops (Orc:2)
  A torpor snail (Lair:7)
  6 elephants (Lair:8)
  5 black mambas
  3 ice statues (IceCv)
  A gargoyle (D:11)
  11 spiny frogs
  2 rime drakes
  A demonic crawler (Lair:4)
  12 komodo dragons
  2 trolls
  2 polar bears
  A two-headed ogre (D:10)
  23 blink frogs
  Grinder (D:5)
  4 jumping spiders
  3 tarantellas
  3 redbacks
  A shadow (D:8)
  A wraith (D:11)
  2 wyverns
  A basilisk (Lair:2)
  30 yaks
  8 hippogriffs
  5 hogs
  A hungry ghost (D:11)
  4 wargs (Orc:2)
  18 water moccasins
  Duvessa (D:4)
  2 hell hounds (D:10)
  8 porcupines
  6 sky beasts
  8 ice beasts
  28 orc warriors
  A black bear (Lair:3)
  A wasp (D:10)
  An eye of draining (D:11)
  A phantom (D:5)
  11 ogres
  14 wolves
  4 centaurs
  17 crocodiles
  10 giant frogs
  A big kobold (D:10)
  A wyvern zombie (D:10)
  Dowan (D:4)
  A scorpion (D:6)
  9 killer bees
  15 wights
  A howler monkey (D:8)
  8 crimson imps
  A giant frog zombie (D:10)
  A centaur zombie (D:11)
  5 hounds
  A centaur skeleton (D:7)
  5 giant frog skeletons
  25 orc priests
  Crazy Yiuf (D:6)
  4 jellies
  15 iguanas
  26 orc wizards
  4 hell rats (Lair:3)
  9 worker ants
  28 sheep
  A worker ant zombie (D:11)
  Robin (D:2)
  3 gnolls (D:4)
  19 adders
  A howler monkey skeleton (D:8)
  59 river rats
  3 shadow imps
  2 oozes
  An adder zombie (D:8)
  An adder skeleton (D:9)
  3 worms
  5 giant geckos
  95 orcs
  8 giant cockroaches
  15 goblins
  11 hobgoblins
  19 jackals
  4 quokkas
  2 ball pythons
  8 bats
  5 giant newts
  10 kobolds
  A quokka skeleton (D:7)
  8 rats
  A rat zombie (D:4)
781 creatures vanquished.

Vanquished Creatures (others)
  A wolf spider (Spider:1)
  An ugly thing (D:8)
  3 jumping spiders (Spider:1)
  A tarantella (Spider:1)
  An orc (D:10)
  27 fungi
  13 plants
47 creatures vanquished.

Grand Total: 828 creatures vanquished

Notes
Turn   | Place    | Note
--------------------------------------------------------------
     0 | D:1      | Gagarin the Formicid Fighter began the quest for the Orb.
     0 | D:1      | Reached XP level 1. HP: 18/18 MP: 1/1
   168 | D:1      | Reached XP level 2. HP: 24/24 MP: 2/2
   948 | D:2      | Reached XP level 3. HP: 24/29 MP: 3/3
  1103 | D:2      | Reached skill level 1 in Dodging
  1103 | D:2      | Reached XP level 4. HP: 25/37 MP: 4/4
  1465 | D:2      | Noticed Robin
  1466 | D:2      | Reached XP level 5. HP: 39/42 MP: 5/5
  1497 | D:2      | Killed Robin
  2138 | D:3      | Found a radiant altar of Vehumet.
  2208 | D:3      | Found a burning altar of Makhleb.
  2250 | D:3      | Found a sparkling altar of Nemelex Xobeh.
  2251 | D:3      | Found an opulent altar of Gozag.
  2316 | D:3      | Found a glowing golden altar of the Shining One.
  2321 | D:3      | Became a worshipper of the Shining One
  2373 | D:3      | Found a snail-covered altar of Cheibriados.
  2391 | D:3      | Reached XP level 6. HP: 44/49 MP: 6/6
  2675 | D:4      | Found Imiuvofecs's Magic Scroll Shop.
  2684 | D:4      | Bought 2 scrolls of identify for 52 gold pieces
  2684 | D:4      | Noticed Duvessa
  2700 | D:4      | Killed Duvessa
  2700 | D:4      | Reached skill level 5 in Shields
  2704 | D:4      | Noticed Dowan
  2715 | D:4      | Killed Dowan
  2715 | D:4      | Reached XP level 7. HP: 49/55 MP: 7/7
  3251 | D:4      | Found an ancient bone altar of Kikubaaqudgha.
  3346 | D:5      | Entered Level 5 of the Dungeon
  3347 | D:5      | Found Tucweocwac's Gadget Emporium.
  3359 | D:5      | Reached * piety under the Shining One
  3368 | D:5      | Reached skill level 5 in Fighting
  3369 | D:5      | Found Siseum's Food Boutique.
  3408 | D:5      | Found Wummuo's Food Shoppe.
  3414 | D:5      | Bought a royal jelly for 28 gold pieces
  3543 | D:5      | Reached skill level 5 in Armour
  3543 | D:5      | Reached XP level 8. HP: 59/62 MP: 8/8
  3606 | D:5      | Noticed Grinder
  3620 | D:5      | Killed Grinder
  3844 | D:5      | Found Bomuk's Armour Emporium.
  4031 | D:5      | Got a translucent cloak
  4042 | D:5      | Identified the cursed -1 cloak "Gounotiq" {MR+} (You found it on level 5 of the Dungeon)
  4187 | D:6      | Found a bloodstained altar of Trog.
  4332 | D:6      | Found a stormy altar of Qazlal.
  4455 | D:6      | Reached XP level 9. HP: 49/69 MP: 9/9
  4651 | D:6      | Reached skill level 5 in Long Blades
  4768 | D:6      | Noticed Crazy Yiuf
  4772 | D:6      | Killed Crazy Yiuf
  4899 | D:6      | Found a staircase to the Ecumenical Temple.
  5217 | D:7      | Reached ** piety under the Shining One
  5457 | D:7      | Found a sparkling altar of Nemelex Xobeh.
  5588 | D:8      | Noticed Erica
  5602 | D:8      | HP: 3/69 [Erica/bolt of poison (25)]
  5613 | D:8      | Killed Erica
  5613 | D:8      | Reached XP level 10. HP: 7/77 MP: 7/10
  6382 | D:8      | Reached skill level 5 in Dodging
  6519 | D:8      | Found an oddly glowing altar of Pakellas.
  6519 | D:8      | Noticed a brown ugly thing
  6528 | D:8      | Killed a brown ugly thing
  6940 | D:10     | Entered Level 10 of the Dungeon
  7320 | D:10     | Reached *** piety under the Shining One
  7331 | D:10     | Noticed a hill giant
  7352 | D:10     | Killed a hill giant
  7589 | D:10     | Reached XP level 11. HP: 84/86 MP: 11/11
  7606 | D:10     | Noticed a hill giant
  7619 | D:10     | Killed a hill giant
  7968 | D:10     | Found a burning altar of Makhleb.
  8408 | D:10     | Found Heh Weurio's Weapon Boutique.
  8415 | D:10     | Got a distressingly furry ring mail
  8505 | D:10     | Identified the +3 ring mail of Beavolih {rN+} (You found it on level 10 of the Dungeon)
  8537 | D:10     | Found a staircase to the Lair.
  8649 | D:10     | Noticed a wizard
  8668 | D:10     | Killed a wizard
  9030 | D:9      | Found a blossoming altar of Fedhas.
  9100 | D:9      | Found a staircase to the Orcish Mines.
  9327 | D:9      | Reached **** piety under the Shining One
  9577 | D:11     | Reached skill level 10 in Shields
  9791 | D:11     | Noticed Urug
  9803 | D:11     | Killed Urug
  9836 | D:11     | Got a translucent ring mail
  9837 | D:11     | Identified the +1 ring mail "Cupp" {rF+++ rN+ Regen+ Dex-5} (You found it on level 11 of the Dungeon)
 10045 | D:11     | Noticed Fannar
 10077 | D:11     | Noticed a six-headed hydra
 10105 | D:11     | Killed Fannar
 10319 | D:11     | Reached ***** piety under the Shining One
 10343 | D:11     | Killed a one-headed hydra
 10343 | D:11     | Reached XP level 12. HP: 39/95 MP: 12/12
 10352 | D:11     | Noticed a seven-headed hydra
 10565 | D:11     | Killed a one-headed hydra
 10846 | D:11     | Noticed a four-headed hydra
 10854 | D:11     | Killed a one-headed hydra
 10854 | D:11     | Reached skill level 10 in Long Blades
 11181 | Lair:1   | Entered Level 1 of the Lair of Beasts
 11540 | Lair:1   | Found a frozen archway.
 11549 | IceCv    | Entered an ice cave
 12616 | IceCv    | Got an ancient shortbow
 12626 | IceCv    | Identified the Compendium of Spatial Confrontation
 13015 | Lair:1   | Identified the +3 shortbow of Uncomfortable Rashes {flame, Dex+3} (You found it in an ice cave)
 13234 | Lair:2   | Gained mutation: You are agile. (Dex +2) [potion of beneficial mutation]
 13253 | Lair:2   | Gained mutation: Your mind is acute. (Int +2) [potion of beneficial mutation]
 13536 | Lair:2   | Reached XP level 13. HP: 94/103 MP: 13/13
 13995 | Lair:2   | Reached skill level 10 in Fighting
 14227 | Lair:3   | Noticed a seven-headed hydra
 14248 | Lair:2   | Killed a one-headed hydra
 14357 | Lair:3   | Noticed dvd's ghost (journeyman HOGl)
 14682 | Lair:3   | Noticed a six-headed hydra
 14711 | Lair:3   | Killed a one-headed hydra
 14922 | Lair:3   | Noticed a four-headed hydra
 14930 | Lair:3   | Killed a one-headed hydra
 14933 | Lair:3   | Found a staircase to the Swamp.
 15774 | Lair:4   | Noticed a five-headed hydra
 15793 | Lair:4   | Killed a one-headed hydra
 15952 | Lair:4   | Noticed Zleub's ghost (journeyman HuFi)
 16073 | Lair:4   | Killed Zleub's ghost
 16244 | Lair:4   | You fall through a shaft for 3 floors!
 16647 | Lair:7   | Got a heavily runed lapis lazuli ring
 16799 | Lair:6   | Gained mutation: You are partially covered in iridescent scales (AC +4). [potion of beneficial mutation]
 16842 | Lair:6   | Noticed a five-headed hydra
 16852 | Lair:6   | Killed a one-headed hydra
 16903 | Lair:6   | Identified the Grimoire of Self-Improvement
 16958 | Lair:6   | Noticed a six-headed hydra
 16970 | Lair:6   | Killed a one-headed hydra
 17290 | Lair:5   | Reached XP level 14. HP: 113/113 MP: 14/14
 17693 | Lair:5   | Noticed Kirke
 17778 | Lair:4   | You fall through a shaft for 3 floors!
 18160 | Lair:7   | Reached skill level 10 in Dodging
 18818 | Lair:4   | Found a hole to the Spider Nest.
 19183 | Lair:5   | Killed Kirke
 19848 | Lair:6   | Identified the ring "Niyw" {Fragile rPois MP+9 SInv Stlth+} (You found it on level 7 of the Lair of Beasts)
 20794 | Lair:7   | Got a bloodstained flail
 20906 | Lair:7   | Reached skill level 10 in Armour
 20978 | Lair:7   | Learned a level 1 spell: Infusion
 21011 | Lair:8   | Entered Level 8 of the Lair of Beasts
 21239 | Lair:8   | Found a staircase to the Slime Pits.
 21360 | Lair:8   | Reached XP level 15. HP: 118/121 MP: 15/15
 21574 | Lair:8   | Reached skill level 1 in Charms
 21666 | Lair:8   | Reached skill level 1 in Spellcasting
 22051 | Lair:8   | Learned a level 2 spell: Song of Slaying
 22754 | Lair:8   | Got a pair of warped boots
 22768 | Lair:8   | Identified the +2 pair of boots of Joy {Str+2} (You found it on level 8 of the Lair of Beasts)
 23508 | Lair:8   | Reached ****** piety under the Shining One
 23889 | Spider:1 | Entered Level 1 of the Spider Nest
 23993 | Lair:1   | Learned a level 6 spell: Deflect Missiles
 24075 | Spider:1 | Noticed Donald
 24338 | Lair:4   | Killed Donald
 25056 | Orc:1    | Entered Level 1 of the Orcish Mines
 25075 | Orc:1    | Reached XP level 16. HP: 110/129 MP: 22/22
 25205 | Orc:1    | Found a roughly hewn altar of Beogh.
 25303 | Orc:2    | Entered Level 2 of the Orcish Mines
 25400 | Orc:2    | Found a roughly hewn altar of Beogh.
 25456 | Orc:2    | Found a roughly hewn altar of Beogh.
 25505 | Orc:2    | Found a staircase to the Elven Halls.
 25534 | Orc:2    | Found a roughly hewn altar of Beogh.
 25564 | Orc:2    | Found Qyut's General Store.
 25591 | Orc:2    | Bought a +1 pair of gloves of strength for 247 gold pieces
 26178 | Orc:2    | Found Herokk's Antique Armour Emporium.
 26179 | Orc:2    | Found a roughly hewn altar of Beogh.
 26182 | Orc:2    | Found Poyvvuyz's Antique Weapon Shoppe.
 26258 | Orc:2    | Found a roughly hewn altar of Beogh.
 26261 | Orc:2    | Found Qytirgh's Assorted Antiques.
 26393 | Orc:2    | Found a roughly hewn altar of Beogh.
 26467 | Orc:2    | Found a roughly hewn altar of Beogh.
 26660 | Orc:1    | Noticed Nergalle
 26667 | Orc:1    | Killed Nergalle
 27295 | Spider:1 | HP: 4/131 [wolf spider (10)]
 27300 | Lair:4   | HP: 4/131 [wolf spider (15)]
 27301 | Lair:4   | Slain by a jumping spider

Skill      XL: |  1  2  3  4  5  6  7  8  9 10 11 12 13 14 15 16 |
---------------+-------------------------------------------------+-----
Shields        | 4 5 6 7 8 9 10 11 12 13 14 | 14.6
Dodging        | 1 2 3 4 5 7 8 9 10 11 | 11.6
Fighting       | 4 5 6 7 9 11 12 13 | 13.2
Armour         | 4 5 7 8 9 10 | 10.4
Long Blades    | 3 4 6 8 9 10 12 13 14 | 14.2
Charms         | 3 4 |  4.4
Spellcasting   | 4 |  4.4
Throwing       | |  0.4
Unarmed Combat | |  0.2
Invocations    | |  0.5
Evocations     | |  0.9

Action                   |  1- 3 |  4- 6 |  7- 9 | 10-12 | 13-15 | 16-18 || total
-------------------------+-------+-------+-------+-------+-------+-------++-------
Melee: Long sword        |    93 |   244 |   342 |     2 |       |       ||   681
       Scimitar          |       |       |       |   636 |  1185 |   341 ||  2162
       Great sword       |       |       |       |     8 |       |       ||     8
       Unarmed           |       |       |       |       |     4 |       ||     4
Throw: Tomahawk          |       |       |       |       |       |     1 ||     1
 Cast: Infusion          |       |       |       |       |    14 |     5 ||    19
       Song of Slaying   |       |       |       |       |    12 |    16 ||    28
Invok: Divine Shield     |       |       |     1 |       |     1 |       ||     2
 Abil: Dig               |       |     1 |       |     5 |    15 |     3 ||    24
       Shaft Self        |       |       |       |       |     2 |     1 ||     3
Evoke: Wand              |       |       |       |       |     5 |       ||     5
  Use: Scroll            |       |       |     1 |    15 |     5 |     1 ||    22
       Potion            |       |       |     6 |    10 |     4 |     6 ||    26
  Eat: Chunk             |     1 |     6 |     5 |    18 |    31 |     6 ||    67
       Bread ration      |       |       |     1 |     1 |     1 |       ||     3
       Fruit             |       |       |       |     3 |     2 |       ||     5
       Meat ration       |       |       |       |     1 |     1 |       ||     2
Armor: Scale mail        |    47 |   141 |   104 |    35 |       |       ||   327
       Ring mail         |       |       |       |   107 |   273 |    59 ||   439
       Skin              |       |       |       |    34 |    19 |       ||    53
Dodge: Dodged            |    49 |    85 |   112 |   212 |   515 |   144 ||  1117
Block: Shield            |    62 |   156 |   159 |   354 |   688 |   164 ||  1583
       Reflection        |       |       |       |       |       |     7 ||     7
